AoeStats
← Long John Silver

African Clearing

506890358Analyzed
4v4 RM · 17d ago on Sep 15, 2026· 21m 2s· 8 players
Game mode
Random Map
Map size
Large (8 player)
Population
200
Speed
Normal
Resources
Standard
Victory
Conquest
Starting age
Dark Age
Ending age
Imperial Age
RankedLock teamsTeams togetherTeam positionsShared explorationLock speedFull tech treeHidden civsTurbo modeCheats
Victory
Defeat
🇫🇮 Sicilians · Finland
1674
+8
🇫🇮 Lithuanians · Finland
1594
+10
🇫🇮 Vietnamese · Finland
1457
+16
🇫🇮 Maya · Finland
1229
+53
🇦🇷 Japanese · Argentina
1477
-15
🇩🇪 Byzantines · Germany
1476
-15
🇩🇪 Italians · Germany
1466
-15
🇨🇳 Turks · China
1415
-13
NoName06
10:03 Loom
12:25 Feudal Age
12:54 Double-Bit Axe
ElCid_Boomazo
8:29 Loom
11:09 Feudal Age
11:19 Man-at-Arms
16:44 Town Watch
轻绘梨花泪满衣
14:00 Feudal Age
14:44 Double-Bit Axe
15:23 Horse Collar
18:51 Bloodlines
18:48 Scale Barding Armor
20:47 Forging
Long John Silver
6:28 Loom
6:54 Loom
13:40 Feudal Age
Dasran
3:44 Loom
13:12 Feudal Age
14:10 Double-Bit Axe
14:53 Town Watch
18:10 Fletching
30Markus
9:11 Loom
12:30 Feudal Age
14:12 Double-Bit Axe
17:30 Scale Barding Armor
18:10 Forging
20:37 Bloodlines
Elias Lönnrot
5:28 Loom
11:40 Feudal Age
16:03 Fletching
Shyles
9:32 Loom
13:05 Feudal Age
13:52 Double-Bit Axe
20:31 Castle Age
18:25 Horse Collar
Connection lost

Rejoining the realm…

Still unreachable

The connection could not be restored.

Session expired

The server has moved on; the page needs a fresh start.